 Dungeon Crawl Stone Soup version 0.22-a0-587-g7d32d7c (webtiles) character file.

7 royokou the Conjurer (level 1, -1/14 HPs)
             Began as a Draconian Conjurer on July 3, 2018.
             Slain by an adder (4 damage)
             ... on level 2 of the Dungeon.
             The game lasted 00:01:55 (835 turns).

royokou the Conjurer (Draconian Conjurer)            Turns: 835, Time: 00:01:56

Health: -1/14      AC:  4    Str: 10    XL:     1   Next: 83%
Magic:  1/3        EV: 12    Int: 15    God:
Gold:   76         SH:  0    Dex: 11    Spells: 3/4 levels left

rFire    . . .     SeeInvis .   h - +0 club
rCold    . . .     Gourm    .   (no shield)
rNeg     . . .     Faith    .   (armour unavailable)
rPois    .         Spirit   .   (helmet restricted)
rElec    .         Reflect  .   (no cloak)
rCorr    .         Harm     .   (no gloves)
MR       .....                  (no boots)
Stlth    ++........             g - amulet of regeneration
HPRegen  0.44/turn              (no ring)
MPRegen  0.08/turn              (no ring)

@: lethally poisoned (-1 -> -1)
A: unfitting armour, cold-blooded, AC +4
a: no special abilities


You were on level 2 of the Dungeon.
You were not hungry.

You visited 1 branch of the dungeon, and saw 2 of its levels.

You collected 76 gold pieces.

Inventory:

Hand Weapons
 h - a +0 club (weapon)
Jewellery
 g - an amulet of regeneration (around neck)
Wands
 l - a wand of paralysis (14)
Scrolls
 c - 3 scrolls of teleportation {unknown}
 d - 3 scrolls of identify {unknown}
 e - 2 scrolls of remove curse {unknown}
 j - a scroll of enchant armour {unknown}
 k - a scroll of amnesia {unknown}
 m - a scroll of random uselessness {unknown}
 n - a scroll of enchant weapon {unknown}
 o - a scroll of fear {unknown}
Potions
 a - a potion of brilliance {unknown}
 f - 2 potions of invisibility {unknown}
 i - a potion of might {unknown}
 p - a potion of heal wounds {unknown}
 q - a potion of berserk rage {unknown}
Comestibles
 b - 4 rations


   Skills:
 - Level 1.7 Dodging
 - Level 1.7 Stealth
 + Level 2.1 Spellcasting
 * Level 4.2 Conjurations


You had 3 spell levels left.
You knew the following spells:

 Your Spells              Type           Power        Failure   Level  Hunger
a - Magic Dart            Conj           ##..         3%          1    #......

Your spell library contained the following spells:

 Spells                   Type           Power        Failure   Level  Hunger
 Iskenderun's Mystic Bla  Conj           ##......     36%         4    #####..
 Fulminant Prism          Conj/Hex       #.........   65%         4    #####..
 Dazzling Spray           Conj/Hex       #.....       26%         3    ###....
 Force Lance              Conj/Tloc      #.......     65%         4    #####..
 Searing Ray              Conj           ##....       6%          2    ###....


Dungeon Overview and Level Annotations

Branches:
Dungeon (2/15)

Altars:


Innate Abilities, Weirdness & Mutations

Your plain brown scales are hard. (AC +4)
You cannot fit into any form of body armour.
You are cold-blooded and may be slowed by cold attacks.


Message History

You miss the adder.
The adder is moderately wounded.
The adder closely misses you.
You closely miss the adder.
Your tail-slap misses the adder.
The adder is moderately wounded.
The adder barely misses you. The adder bites you.
You hit the adder but do no damage.
The adder is moderately wounded.
The adder closely misses you. The adder bites you.
You are poisoned.
The adder poisons you!
You feel sick.
You feel sick. The adder bites you.
You feel sick. The adder bites you.
* * * LOW HITPOINT WARNING * * *
You feel sick. The adder bites you.
You die...

#.# #.....................
####.#######.##.#########.######.
#.......<....##.# #.# ##
................# #.# #
#.##.#######.#### #.# # #.##.#
#.# #.####### ..##.#######.#####
#........ ####.............#
######### ####.###########@#
.....# #S# ###### #.#
###.######## #..........#
#.#.######.# ########.#.#
#........#.# ..######.#..


You could see an adder.

Vanquished Creatures
  A goblin (D:1)
  3 hobgoblins
  A kobold (D:2)
5 creatures vanquished.

Notes
Turn   | Place    | Note
-------+----------+-------------------------------------------
     0 | D:1      | royokou the Draconian Conjurer began the quest for the Orb.
     0 | D:1      | Reached XP level 1. HP: 14/14 MP: 3/3
   835 | D:2      | Slain by an adder

Vault maps used:
D:1:      minmay_arrival_open_corners
D:2:      nrook_loot_triangle, grunt_ministairs_11, nrook_mini_vaults,
          minmay_misc_feat_columns, minmay_item_behind_shaft, uniq_natasha

Action                   || total
-------------------------++-------
Melee: Club              ||     7
       Unarmed           ||     6
       Tailslap          ||     2
 Cast: Magic Dart        ||    17
Armor: Skin              ||     2
Dodge: Dodged            ||    11

Table legend:
 A = Spawn XP
 B = Non-spawn XP
 C = Spawn XP percentage of total XP
 D = Spawn monster count
 E = Non-spawn monster count
 F = Spawn count percentage of total count
 G = Total turns spent on level
                    A         B        C        D         E        F      G
               +---------+---------+-------+---------+---------+-------+---------
         Total |       0 |      10 |   0.0 |       0 |       5 |   0.0 |   835
               +---------+---------+-------+---------+---------+-------+---------
           D:1 |       0 |       6 |   0.0 |       0 |       3 |   0.0 |   512
           D:2 |       0 |       4 |   0.0 |       0 |       2 |   0.0 |   323
               +---------+---------+-------+---------+---------+-------+---------
